 Dungeon Crawl Stone Soup version 0.20.1-1-g8b1a95d (webtiles) character file.

29848 Liatris the Cleaver (level 13, -6/103 HPs)
             Began as a Demonspawn Gladiator on Aug 17, 2017.
             Was an Elder of Dithmenos.
             Mangled by a death yak (14 damage)
             ... on level 5 of the Lair of Beasts.
             The game lasted 01:17:43 (19616 turns).

Liatris the Cleaver (Demonspawn Gladiator)         Turns: 19616, Time: 01:17:43

Health: -6/103     AC: 10    Str: 17    XL:     13   Next: 17%
Magic:  13/13      EV: 16    Int: 14    God:    Dithmenos [****..]
Gold:   619        SH: 12    Dex: 18    Spells: 12/12 levels left

rFire    + . .     SeeInvis .   a - +2 war axe
rCold    + . .     Gourm    +   s - +2 shield (curse)
rNeg     + . .     Faith    .   n - +2 leather armour of Uridem {rPois MR+}
rPois    +         Spirit   .   (helmet restricted)
rElec    .         Reflect  .   (no cloak)
rCorr    .         Harm     .   e - +1 pair of gloves
MR       +++..                  (boots unavailable)
Stlth    ++++......             l - amulet of the gourmand
Regen    0.3/turn               B - ring of protection from magic
MPRegen  0.2/turn               d - ring of Piepnarph {rPois rF+ rN+ Int+3}

@: about to teleport, wreathed by umbra
A: hooves 3, horns 2, icy blue scales 2, cold resistance 1, magic resistance 1,
strong 1
a: Shadow Step, Renounce Religion


You were on level 5 of the Lair of Beasts.
You worshipped Dithmenos.
Dithmenos was greatly pleased with you.
You were not hungry.

You visited 3 branches of the dungeon, and saw 15 of its levels.

You collected 916 gold pieces.
You spent 297 gold pieces at shops.

Inventory:

Hand Weapons
 a - a +2 war axe (weapon)
 h - a +2 spear of pain
 x - a +0 executioner's axe
Armour
 e - a +1 pair of gloves (worn)
 n - the +2 leather armour of Uridem (worn) {rPois MR+}
   (You found it on level 4 of the Dungeon)

   It protects you from poison.
   It affects your resistance to hostile enchantments.
 s - a cursed +2 shield (worn)
 t - the +1 hat "Ottaanat" {rPois rC+++ rCorr Dex-5 Slay-6}
   (You bought it in a shop on level 8 of the Dungeon)

   It affects your dexterity (-5).
   It affects your accuracy and damage with ranged weapons and melee attacks
   (-6).
   It renders you almost immune to cold.
   It protects you from poison.
   It protects you from acid and corrosion.
Jewellery
 d - the ring of Piepnarph (right hand) {rPois rF+ rN+ Int+3}
   (You found it on level 3 of the Lair of Beasts)

   [ring of poison resistance]

   It affects your intelligence (+3).
   It protects you from fire.
   It protects you from poison.
   It protects you from negative energy.
 j - a cursed ring of teleportation
 l - an amulet of the gourmand (around neck)
 B - a ring of protection from magic (left hand)
Wands
 q - a wand of digging (10/24)
Scrolls
 k - 3 scrolls of teleportation
 p - 2 scrolls of identify
 r - a scroll of recharging
 v - a scroll of magic mapping
 w - a scroll of fog
 y - a scroll of remove curse
 C - a scroll of blinking
Potions
 c - a potion of haste {unknown}
 m - 2 potions of brilliance
 u - a potion of cancellation
 z - 2 potions of might
 A - a potion of berserk rage {unknown}
 D - a potion of agility
Books
 b - a book of Geomancy

   Spells                             Type                      Level
   a - Sandblast                      Earth                        1
   b - Passwall                       Transmutation/Earth          2
   c - Stone Arrow                    Conjuration/Earth            3
   d - Petrify                        Transmutation/Earth          4
   e - Lee's Rapid Deconstruction     Earth                        5
Comestibles
 f - 10 bread rations
 g - 7 meat rations
 i - 9 fruits


   Skills:
 + Level 9.8 Fighting
 + Level 14.0 Axes
 + Level 2.2 Throwing
 + Level 5.4 Armour
 + Level 7.9 Dodging
 + Level 6.0 Stealth
 + Level 5.9 Shields


You had 12 spell levels left.
You didn't know any spells.

Dungeon Overview and Level Annotations

Branches:
Dungeon (9/15)             Temple (1/1) D:7            Lair (5/6) D:9
  Swamp (0/4) Lair:2        Snake (0/4) Lair:2
  Slime: Lair:5-6       Orc: D:9-12

Altars:
Ashenzari
Cheibriados
Dithmenos
Elyvilon
Fedhas
Gozag
Hepliaklqana
Kikubaaqudgha
Makhleb
Nemelex Xobeh
Okawaru
Qazlal
Ru
Sif Muna
Trog
Uskayaw
Vehumet
Xom
Yredelemnul
Zin
The Shining One

Shops:
D:8 [


Innate Abilities, Weirdness & Mutations

You have hooves in place of feet.
You are mostly covered in icy blue scales. (AC +3)
Your flesh is cold resistant. (rC+)
You have a pair of horns on your head.
You are resistant to hostile enchantments. (MR+)
Your muscles are strong. (Str +2)


Message History

You hit the death yak.
The death yak is lightly wounded.
The death yak completely misses you.
You hit the death yak but do no damage. You kick the death yak.
The death yak is lightly wounded.
The death yak gores you!
* * * LOW HITPOINT WARNING * * *
You feel better. You block the death yak's attack.
As you read the scroll of teleportation, it crumbles to dust.
You feel strangely unstable. You block the death yak's attack.
You barely miss the death yak.
You kick the death yak, but do no damage.
The death yak is lightly wounded.
The death yak gores you!
* * * LOW HITPOINT WARNING * * *
You hit the death yak.
The death yak is lightly wounded.
Your shadow hits the death yak with a war axe.
The death yak gores you!
You die...

...## ##P........... ....## ###
##.÷......... .....###.#
###÷......... ........##
#............ ........#
#............ ........##
####........... .........###
#.............. .......<...##
####........##....
#...........####@##.......###....
#...........#.###Y........# ##...
..#...........P..S.......## #P..
#####.........(.......##.# #...
#...................## ##..
###................## #..
#####............###.# ##.
###P.###.#....[.....#### #.
#.#.....#.......PP..### #.


You could see a death yak and a water moccasin.

Vanquished Creatures
  4 two-headed ogres
  3 death yaks
  Nergalle (Lair:2)
  Pikel (D:7)
  6 elephants (Lair:5)
  8 black mambas
  Psyche (D:9)
  6 spiny frogs
  5 rime drakes
  A komodo dragon (Lair:1)
  A polar bear (Lair:5)
  18 blink frogs
  A hippogriff (Lair:2)
  A spriggan (D:7)
  2 wyverns (Lair:3)
  17 yaks
  5 basilisks
  A hungry ghost (D:8)
  Menkaure (D:5)
  5 nagas (Lair:2)
  6 swamp worms
  10 porcupines
  13 water moccasins
  2 slaves (D:7)
  2 ice beasts
  A black bear (D:8)
  A sky beast (D:8)
  An ogre (D:9)
  An orc warrior (D:7)
  A necrophage (D:6)
  4 phantoms
  10 wolves
  9 crocodiles
  18 bullfrogs
  A gnoll sergeant (D:8)
  A scorpion (D:6)
  A wight (D:6)
  5 howler monkeys
  An electric eel (Lair:2)
  A jelly (D:3)
  A centaur zombie (D:7)
  6 crimson imps
  A bullfrog zombie (D:9)
  A hound (D:6)
  2 orc priests (D:7)
  6 orc wizards
  2 bullfrog skeletons
  A centaur skeleton (D:7)
  3 iguanas
  Jessica (D:4)
  8 worker ants
  2 hound skeletons
  11 adders
  13 gnolls
  5 shadow imps
  2 oozes (D:5)
  2 worms
  3 dart slugs
  6 leopard geckos
  25 orcs
  9 giant cockroaches
  14 goblins
  7 hobgoblins
  11 jackals
  16 kobolds
  6 quokkas
  A ball python (D:7)
  7 bats
  2 frilled lizards
  A leopard gecko skeleton (D:4)
  A leopard gecko zombie (D:8)
  2 quokka skeletons
  9 rats
  A butterfly (D:7)
  2 fungi
367 creatures vanquished.

Vanquished Creatures (others)
  A slave (D:7)
  An adder (D:7)
  A bush (Lair:2)
  5 fungi
  11 plants (Lair:2)
19 creatures vanquished.

Grand Total: 386 creatures vanquished

Notes
Turn   | Place    | Note
-------+----------+-------------------------------------------
     0 | D:1      | Liatris the Demonspawn Gladiator began the quest for the Orb.
     0 | D:1      | Reached XP level 1. HP: 16/16 MP: 1/1
   214 | D:1      | Gained mutation: You are partially covered in icy blue scales. (AC +2) [demonic ancestry]
   214 | D:1      | Reached XP level 2. HP: 22/22 MP: 2/2
   440 | D:1      | Reached skill level 3 in Axes
   737 | D:1      | Gained mutation: You have large cloven feet. [demonic ancestry]
   737 | D:1      | Reached XP level 3. HP: 21/28 MP: 3/3
  1528 | D:2      | Reached XP level 4. HP: 34/34 MP: 4/4
  1950 | D:3      | Reached skill level 1 in Armour
  1958 | D:3      | Reached skill level 4 in Axes
  2356 | D:3      | Gained mutation: You have hoof-like feet. [demonic ancestry]
  2356 | D:3      | Reached XP level 5. HP: 31/39 MP: 5/5
  2949 | D:4      | Found a glowing silver altar of Zin.
  2982 | D:4      | Found a blossoming altar of Fedhas.
  3001 | D:4      | Reached skill level 5 in Axes
  3001 | D:4      | Gained mutation: You have hooves in place of feet. [demonic ancestry]
  3001 | D:4      | Reached XP level 6. HP: 41/46 MP: 6/6
  3239 | D:4      | Got a slimy leather armour
  3250 | D:4      | Identified the +2 leather armour of Uridem {rPois MR+} (You found it on level 4 of the Dungeon)
  3420 | D:4      | Noticed Jessica
  3640 | D:4      | Gained mutation: Your muscles are strong. (Str +2) [potion of mutation]
  3640 | D:4      | Gained mutation: You are resistant to hostile enchantments. (MR+) [potion of mutation]
  3640 | D:4      | Gained mutation: You have a pair of small horns on your head. [potion of mutation]
  3640 | D:4      | Gained mutation: You have a pair of horns on your head. [potion of mutation]
  3653 | D:4      | Killed Jessica
  3657 | D:4      | Found a deep blue altar of Sif Muna.
  3865 | D:5      | Entered Level 5 of the Dungeon
  3870 | D:5      | Noticed Menkaure
  4127 | D:5      | Killed Menkaure
  4127 | D:5      | Reached skill level 6 in Axes
  4127 | D:5      | Reached skill level 1 in Stealth
  4127 | D:5      | Gained mutation: Your flesh is cold resistant. (rC+) [demonic ancestry]
  4127 | D:5      | Reached XP level 7. HP: 28/52 MP: 7/7
  4493 | D:5      | Found a sparkling altar of Nemelex Xobeh.
  4771 | D:6      | Reached XP level 8. HP: 56/60 MP: 8/8
  5130 | D:6      | Found a shattered altar of Ashenzari.
  5172 | D:6      | Reached skill level 7 in Axes
  5569 | D:6      | Reached skill level 8 in Axes
  5969 | D:7      | Found a staircase to the Ecumenical Temple.
  5973 | Temple   | Entered the Ecumenical Temple
  6022 | Temple   | Became a worshipper of Dithmenos the Shadowed
  6062 | D:7      | Noticed Pikel
  6079 | D:7      | Killed Pikel
  6079 | D:7      | Reached skill level 5 in Dodging
  6079 | D:7      | Reached XP level 9. HP: 34/66 MP: 9/9
  6266 | D:7      | Reached skill level 9 in Axes
  6280 | D:7      | Found an ancient bone altar of Kikubaaqudgha.
  6336 | D:7      | Reached skill level 5 in Fighting
  7015 | D:8      | Noticed a two-headed ogre
  7027 | D:8      | Killed a two-headed ogre
  7027 | D:8      | Reached skill level 10 in Axes
  7027 | D:8      | Reached skill level 1 in Shields
  7092 | D:8      | Found Vian Dut's Antique Armour Emporium.
  7099 | D:8      | Bought a transparent hat for 297 gold pieces
  7104 | D:8      | Identified the +1 hat "Ottaanat" {rPois rC+++ rCorr Dex-5 Slay-6} (You bought it in a shop on level 8 of the Dungeon)
  7237 | D:8      | Noticed a two-headed ogre
  7265 | D:8      | Killed a two-headed ogre
  7265 | D:8      | Reached XP level 10. HP: 36/75 MP: 10/10
  7356 | D:8      | Reached * piety under Dithmenos
  7415 | D:8      | Noticed a two-headed ogre
  8020 | D:8      | Killed a two-headed ogre
  8426 | D:9      | Found an iron altar of Okawaru.
  8494 | D:9      | Found a staircase to the Lair.
  8683 | D:9      | Noticed Psyche
  8693 | D:9      | Killed Psyche
  8750 | D:9      | Noticed a two-headed ogre
  8761 | D:9      | Killed a two-headed ogre
  8761 | D:9      | Reached skill level 11 in Axes
  8995 | D:9      | Found a hide-covered altar of Uskayaw.
  9426 | Lair:1   | Entered Level 1 of the Lair of Beasts
  9447 | Lair:1   | Noticed a black mamba
  9458 | Lair:1   | Killed a black mamba
  9556 | Lair:1   | Noticed a black mamba
  9567 | Lair:1   | Killed a black mamba
  9570 | Lair:1   | Reached XP level 11. HP: 46/84 MP: 11/11
 10780 | Lair:2   | Reached ** piety under Dithmenos
 10853 | Lair:2   | Noticed Nergalle
 10866 | Lair:2   | Killed Nergalle
 11184 | Lair:2   | HP: 4/84 [blink frog (11)]
 11577 | Lair:2   | Reached skill level 12 in Axes
 11582 | Lair:2   | HP: 4/86 [yak (8)]
 13204 | Lair:2   | Reached skill level 5 in Stealth
 13694 | Lair:2   | Gained mutation: You are mostly covered in icy blue scales. (AC +3) [demonic ancestry]
 13694 | Lair:2   | Reached XP level 12. HP: 53/94 MP: 12/12
 13940 | Lair:2   | Found a staircase to the Swamp.
 14307 | Lair:2   | Found a staircase to the Snake Pit.
 14425 | Lair:2   | Noticed a death yak
 14425 | Lair:2   | Noticed a death yak
 14425 | Lair:2   | Noticed a death yak
 14425 | Lair:2   | Noticed a death yak
 14426 | Lair:2   | Noticed a death yak
 14426 | Lair:2   | Noticed a death yak
 14435 | Lair:2   | Killed a death yak
 14798 | Lair:3   | Reached skill level 5 in Armour
 14925 | Lair:3   | Reached *** piety under Dithmenos
 15125 | Lair:3   | Reached skill level 13 in Axes
 15127 | Lair:3   | Got a fine iron ring
 15128 | Lair:3   | Identified the ring of Piepnarph {rPois rF+ rN+ Int+3} (You found it on level 3 of the Lair of Beasts)
 15203 | Lair:3   | Noticed a four-headed hydra
 16468 | Lair:4   | Reached skill level 5 in Shields
 17096 | Lair:4   | Reached **** piety under Dithmenos
 18691 | Lair:5   | Reached XP level 13. HP: 33/101 MP: 13/13
 19404 | Lair:5   | Reached skill level 14 in Axes
 19616 | Lair:5   | Mangled by a death yak

Skill      XL: |  1  2  3  4  5  6  7  8  9 10 11 12 13 |
---------------+----------------------------------------+-----
Axes           | 3 4 5 6 8 10 11 12 13 14 | 14.0
Dodging        | 3 4 5 6 7 |  7.9
Armour         | 1 2 3 4 5 |  5.4
Fighting       | 3 4 5 7 8 9 |  9.8
Stealth        | 1 2 3 5 6 |  6.0
Throwing       | 2 |  2.2
Shields        | 1 3 4 5 |  5.9

Action                   |  1- 3 |  4- 6 |  7- 9 | 10-12 | 13-15 || total
-------------------------+-------+-------+-------+-------+-------++-------
Melee: War axe           |   119 |   189 |   227 |   715 |    94 ||  1344
       Kick              |     7 |    39 |    83 |   259 |    41 ||   429
       Headbutt          |       |     4 |    39 |   180 |    25 ||   248
       Spear             |       |       |       |     3 |       ||     3
Throw: Throwing net      |       |     4 |     3 |     1 |       ||     8
  Use: Potion            |     5 |     2 |     3 |     9 |     1 ||    20
       Scroll            |       |     8 |     6 |    16 |     2 ||    32
 Stab: Invisible         |     2 |       |       |     1 |       ||     3
       Sleeping          |     1 |     2 |     1 |    20 |     1 ||    25
       Held in net/web   |       |     2 |     1 |     1 |       ||     4
       Distracted        |       |       |       |     1 |       ||     1
  Eat: Fruit             |     3 |     5 |       |     8 |       ||    16
       Royal jelly       |     1 |       |       |     3 |       ||     4
       Meat ration       |       |     1 |       |     3 |       ||     4
       Bread ration      |       |       |     3 |     2 |       ||     5
Armor: Leather armour    |    42 |    63 |    57 |   108 |     7 ||   277
Dodge: Dodged            |    93 |   135 |   123 |   339 |    36 ||   726
Block: Shield            |       |       |    26 |   334 |    36 ||   396
